NYP
EUGENE EMERALDS @ SALEM-KEIZER VOLCANOES
04/20/2049
 
TOP OF THE 1ST
Eugene Emeralds batting - Pitching for Salem-Keizer Volcanoes : RHP Carlos Solis
Pitching: RHP Carlos Solis
Batting: RHB Hugo Torrez 0-0: Ball
1-0: Called Strike
1-1: Called Strike
1-2: Strikes out looking
Batting: RHB David Bousfield 0-0: Ball
1-0: Foul Ball, location: 2F
1-1: Ball
2-1: Swinging Strike
2-2: Strikes out swinging
Batting: RHB Jorge Lagunas 0-0: Ball
1-0: SINGLE (Groundball, 4D, EV 103.1 MPH)
Batting: RHB Bartolo Aguilar 0-0: SINGLE (Groundball, 4MD, EV 96.2 MPH)
Jorge Lagunas to second
Batting: RHB Mike Larson 0-0: Called Strike
0-1: Fly out, F7 (Flyball, 7D, EV 96.2 MPH)
Top of the 1st over - 0 runs, 2 hits, 0 errors, 2 left on base; Eugene 0 - Salem-Keizer 0
BOTTOM OF THE 1ST
Salem-Keizer Volcanoes batting - Pitching for Eugene Emeralds : RHP Rodolfo Perez
Pitching: RHP Rodolfo Perez
Batting: RHB Mario Mendoza 0-0: Ball
1-0: Ball
2-0: Ground out 6-3 (Groundball, 56, EV 81.2 MPH)
Batting: RHB Danny Loyola 0-0: Ball
1-0: Swinging Strike
1-1: Swinging Strike
1-2: Ball
2-2: SINGLE (Line Drive, 9S, EV 96.2 MPH)
Batting: LHB Adrian Navarro 0-0: Ball
1-0: Called Strike
1-1: SINGLE (Groundball, P, EV 85.6 MPH) (infield hit)
Danny Loyola to second
Batting: RHB Tony Harper 0-0: Called Strike
Danny Loyola steals 3rd base
Adrian Navarro to second
0-1: Fly out, F4 (Line Drive, 4, EV 75.0 MPH)
Batting: RHB Ryan Roberts 0-0: Ball
1-0: Called Strike
1-1: TRIPLE (Flyball, 89XD, EV 103.8 MPH)
Danny Loyola scores
Adrian Navarro scores
Batting: RHB Andy Cunningham 0-0: Foul Ball, location: 2F
0-1: Ball
1-1: Ground out 5-3 (Groundball, 56, EV 99.4 MPH)
Bottom of the 1st over - 2 runs, 3 hits, 0 errors, 1 left on base; Eugene 0 - Salem-Keizer 2
TOP OF THE 2ND
Eugene Emeralds batting - Pitching for Salem-Keizer Volcanoes : RHP Carlos Solis
Batting: RHB Dustin Goldsborough 0-0: Foul Ball, location: 2F
0-1: Foul Ball, location: 2F
0-2: Strikes out looking
Batting: RHB T.J. Garrison 0-0: Called Strike
0-1: Foul Ball, location: 2F
0-2: Ball
1-2: Ball
2-2: Ground out 5-3 (Groundball, 56, EV 82.5 MPH)
Batting: RHB Juan Lira 0-0: Ball
1-0: Ball
2-0: Foul Ball, location: 2F
2-1: Foul Ball, location: 2F
2-2: Foul Ball, location: 2F
2-2: Foul Ball, location: 2F
2-2: Ground out 6-3 (Groundball, 6, EV 109.4 MPH)
Top of the 2nd over - 0 runs, 0 hits, 0 errors, 0 left on base; Eugene 0 - Salem-Keizer 2
BOTTOM OF THE 2ND
Salem-Keizer Volcanoes batting - Pitching for Eugene Emeralds : RHP Rodolfo Perez
Batting: RHB J.R. Roberts 0-0: Ball
1-0: Fly out, F7 (Flyball, 78XD, EV 98.8 MPH)
Batting: RHB Alexis Andrade 0-0: Fly out, F8 (Flyball, 8RD, EV 101.9 MPH)
Batting: RHB Ed Broomhead 0-0: Called Strike
0-1: Swinging Strike
0-2: Ball
1-2: Ground out 6-3 (Groundball, 6S, EV 83.8 MPH)
Bottom of the 2nd over - 0 runs, 0 hits, 0 errors, 0 left on base; Eugene 0 - Salem-Keizer 2
TOP OF THE 3RD
Eugene Emeralds batting - Pitching for Salem-Keizer Volcanoes : RHP Carlos Solis
Batting: LHB Jerry Tyson 0-0: Called Strike
0-1: Ball
1-1: Swinging Strike
1-2: Ball
2-2: Foul Ball, location: 2F
2-2: Strikes out swinging
Batting: RHB Hugo Torrez 0-0: Ball
1-0: Called Strike
1-1: Called Strike
1-2: Strikes out swinging
Batting: RHB David Bousfield 0-0: Called Strike
0-1: Foul Ball, location: 2F
0-2: Strikes out looking
Top of the 3rd over - 0 runs, 0 hits, 0 errors, 0 left on base; Eugene 0 - Salem-Keizer 2
BOTTOM OF THE 3RD
Salem-Keizer Volcanoes batting - Pitching for Eugene Emeralds : RHP Rodolfo Perez
Batting: RHB Mario Mendoza 0-0: Swinging Strike
0-1: Ball
1-1: SINGLE (Line Drive, 9S, EV 92.5 MPH)
Batting: RHB Danny Loyola 0-0: Called Strike
Mario Mendoza steals 2nd base
0-1: Ball
1-1: Swinging Strike
1-2: Ball
2-2: Foul Ball, location: 2F
2-2: Ball
3-2: Ground out 5-3 (Groundball, 56S, EV 69.4 MPH)
Mario Mendoza to third
Batting: LHB Adrian Navarro 0-0: Ball
1-0: Called Strike
1-1: Ground out U3 (Groundball, 3, EV 95.6 MPH)
Batting: RHB Tony Harper 0-0: Foul Ball, location: 2F
0-1: Ball
Wild Pitch!
Mario Mendoza scores
1-1: Foul Ball, location: 2F
1-2: Ball
2-2: SINGLE (Groundball, 6M, EV 86.2 MPH) (infield hit)
Batting: RHB Ryan Roberts 0-0: Ball
1-0: Swinging Strike
1-1: Swinging Strike
1-2: Strikes out swinging
Bottom of the 3rd over - 1 run, 2 hits, 0 errors, 1 left on base; Eugene 0 - Salem-Keizer 3
TOP OF THE 4TH
Eugene Emeralds batting - Pitching for Salem-Keizer Volcanoes : RHP Carlos Solis
Batting: RHB Jorge Lagunas 0-0: Called Strike
0-1: Swinging Strike
0-2: Strikes out swinging
Batting: RHB Bartolo Aguilar 0-0: Called Strike
0-1: Ball
1-1: Ball
2-1: Called Strike
2-2: Strikes out looking
Batting: RHB Mike Larson 0-0: Ball
1-0: Called Strike
1-1: Called Strike
1-2: SINGLE (Line Drive, 4D, EV 104.4 MPH)
Batting: RHB Dustin Goldsborough 0-0: Called Strike
0-1: Ball
1-1: Ball
2-1: Foul Ball, location: 2F
2-2: Strikes out looking
Top of the 4th over - 0 runs, 1 hit, 0 errors, 1 left on base; Eugene 0 - Salem-Keizer 3
BOTTOM OF THE 4TH
Salem-Keizer Volcanoes batting - Pitching for Eugene Emeralds : RHP Rodolfo Perez
Batting: RHB Andy Cunningham 0-0: Ball
1-0: Ground out 5-3 (Groundball, 56S, EV 91.9 MPH)
Batting: RHB J.R. Roberts 0-0: Foul Ball, location: 2F
0-1: Ground out U3 (Groundball, 3, EV 80.6 MPH)
Batting: RHB Alexis Andrade 0-0: Ground out 4-3 (Groundball, 4, EV 106.9 MPH)
Bottom of the 4th over - 0 runs, 0 hits, 0 errors, 0 left on base; Eugene 0 - Salem-Keizer 3
TOP OF THE 5TH
Eugene Emeralds batting - Pitching for Salem-Keizer Volcanoes : RHP Carlos Solis
Batting: RHB T.J. Garrison 0-0: Swinging Strike
0-1: Called Strike
0-2: Ball
1-2: Strikes out looking
Batting: RHB Juan Lira 0-0: Ball
1-0: Ball
2-0: Fly out, F7 (Flyball, 78D, EV 89.4 MPH)
Batting: LHB Jerry Tyson 0-0: Called Strike
0-1: Ball
1-1: SINGLE (Groundball, 4D, EV 106.2 MPH)
Batting: RHB Hugo Torrez 0-0: Swinging Strike
Balk!
Jerry Tyson to second
0-1: Ball
1-1: Ball
2-1: Foul Ball, location: 2F
2-2: Strikes out swinging
Top of the 5th over - 0 runs, 1 hit, 0 errors, 1 left on base; Eugene 0 - Salem-Keizer 3
BOTTOM OF THE 5TH
Salem-Keizer Volcanoes batting - Pitching for Eugene Emeralds : RHP Rodolfo Perez
Batting: RHB Ed Broomhead 0-0: Called Strike
0-1: Ground out 1-3 (Groundball, 13S, EV 72.5 MPH)
Batting: RHB Mario Mendoza 0-0: Swinging Strike
0-1: Foul Ball, location: 2F
0-2: Ball
1-2: Foul Ball, location: 2F
1-2: DOUBLE (Flyball, 8LXD, EV 107.5 MPH)
Batting: RHB Danny Loyola 0-0: Called Strike
Mario Mendoza steals 3rd base (no throw)
0-1: Ball
1-1: Ball
2-1: Called Strike
2-2: Strikes out swinging
Batting: LHB Adrian Navarro 0-0: Ball
1-0: Called Strike
1-1: Foul Ball, location: 2F
1-2: Foul Ball, location: 2F
1-2: Strikes out swinging, 2-3 out at first.
Bottom of the 5th over - 0 runs, 1 hit, 0 errors, 1 left on base; Eugene 0 - Salem-Keizer 3
TOP OF THE 6TH
Eugene Emeralds batting - Pitching for Salem-Keizer Volcanoes : RHP Carlos Solis
Batting: RHB David Bousfield 0-0: SINGLE (Groundball, 56S, EV 68.1 MPH) (infield hit)
Batting: RHB Jorge Lagunas 0-0: Called Strike
David Bousfield steals 2nd, throwing error, E2
David Bousfield to third
0-1: Ball
1-1: Swinging Strike
1-2: Foul Ball, location: 2F
1-2: Ball
2-2: Strikes out swinging
Pitching: RHP Conrad van Gemert
Batting: RHB Bartolo Aguilar 0-0: Ball
1-0: Ball
2-0: Called Strike
2-1: Fly out, F9 (Flyball, 89D, EV 83.1 MPH)
Runner from 3rd tags up, SCORES, throw by RF
Batting: RHB Mike Larson 0-0: Ground out U3 (Groundball, 3S, EV 81.9 MPH)
Top of the 6th over - 1 run, 1 hit, 1 error, 0 left on base; Eugene 1 - Salem-Keizer 3
BOTTOM OF THE 6TH
Salem-Keizer Volcanoes batting - Pitching for Eugene Emeralds : RHP Rodolfo Perez
Batting: RHB Tony Harper 0-0: Ball
1-0: Called Strike
1-1: Ball
2-1: Ball
3-1: Fly out, F6 (Popup, 6M, EV 71.2 MPH)
Batting: RHB Ryan Roberts 0-0: Ball
1-0: Single, Error in OF, E7, batter to second base (Line Drive, 56D, EV 98.8 MPH)
Batting: RHB Andy Cunningham 0-0: Ball
1-0: Ball
Wild Pitch!
Ryan Roberts to third
2-0: Fly out, F8 (Flyball, 89M, EV 93.1 MPH)
Runner from 3rd tags up, SCORES, throw by CF
Batting: RHB J.R. Roberts 0-0: Ball
1-0: Ball
2-0: Foul Ball, location: 2F
2-1: Ball
3-1: Base on Balls
Batting: RHB Alexis Andrade 0-0: Called Strike
0-1: Foul Ball, location: 2F
0-2: Fielders Choice at 2nd, 5-4 (Groundball, 5, EV 88.1 MPH)
Bottom of the 6th over - 1 run, 1 hit, 1 error, 1 left on base; Eugene 1 - Salem-Keizer 4
TOP OF THE 7TH
Eugene Emeralds batting - Pitching for Salem-Keizer Volcanoes : RHP Conrad van Gemert
Now at 3B: Lee Deason
Now at SS: Rob Colley
Now in CF: Houston Brock
Now in RF: Andy Cunningham
Batting: RHB Dustin Goldsborough 0-0: Fly out, F9 (Flyball, 9, EV 93.1 MPH)
Batting: RHB T.J. Garrison 0-0: Fly out, F4 (Line Drive, 4, EV 63.1 MPH)
Batting: RHB Juan Lira 0-0: Called Strike
0-1: Foul Ball, location: 2F
0-2: Strikes out swinging
Top of the 7th over - 0 runs, 0 hits, 0 errors, 0 left on base; Eugene 1 - Salem-Keizer 4
BOTTOM OF THE 7TH
Salem-Keizer Volcanoes batting - Pitching for Eugene Emeralds : RHP Rodolfo Perez
Batting: RHB Ed Broomhead 0-0: Ball
1-0: Ball
2-0: Ball
3-0: Called Strike
3-1: Base on Balls
Batting: RHB Mario Mendoza 0-0: DOUBLE (Line Drive, 7LM, EV 90.6 MPH)
Ed Broomhead to third
Batting: RHB Danny Loyola 0-0: Ball
1-0: Ball
2-0: Ball
3-0: Base on Balls
Batting: LHB Adrian Navarro 0-0: Ball
1-0: Ball
2-0: Ball
3-0: Called Strike
3-1: Foul Ball, location: 2F
3-2: Foul Ball, location: 2F
3-2: Base on Balls
Ed Broomhead scores
Mario Mendoza to third
Danny Loyola to second
Batting: RHB Lee Deason 0-0: SINGLE (Line Drive, 4D, EV 99.4 MPH)
Mario Mendoza scores
Danny Loyola to third
Adrian Navarro to second
Pitching: LHP Alex Gandarilla
Batting: RHB Rob Colley 0-0: Foul Ball, location: 2F
0-1: Called Strike
0-2: Foul Ball, location: 2F
0-2: Strikes out swinging
Batting: RHB Andy Cunningham 0-0: Ball
Wild Pitch!
Danny Loyola scores
Adrian Navarro to third
Lee Deason to second
1-0: Ball
2-0: Ball
3-0: Base on Balls
Batting: RHB J.R. Roberts 0-0: Ball
1-0: Foul Ball, location: 2F
1-1: Ball
2-1: Ball
3-1: Foul Ball, location: 2F
3-2: Foul Ball, location: 2F
3-2: Base on Balls
Adrian Navarro scores
Lee Deason to third
Andy Cunningham to second
Batting: RHB Houston Brock 0-0: Ball
1-0: Ball
2-0: DOUBLE (Flyball, 89D, EV 91.2 MPH)
Lee Deason scores
Andy Cunningham scores
J.R. Roberts to third
Runner from 3rd tries for Home, SAFE, throw by RF to trailing runner, SAFE at third!
Pitching: RHP Brendan Malzone
Batting: RHB Ed Broomhead 0-0: SINGLE (Groundball, 4MD, EV 109.4 MPH)
Houston Brock scores
Pinch Hitting: LHB Antonio Gutierrez 0-0: Fly out, F4 (Popup, 34D, EV 48.1 MPH)
Pinch Hitting: RHB Robby Adair 0-0: Foul Ball, location: 2F
0-1: Ball
1-1: Foul Ball, location: 2F
1-2: Ball
2-2: Foul Ball, location: 2F
2-2: Ball
Balk!
Ed Broomhead to second
3-2: Strikes out looking
Bottom of the 7th over - 8 runs, 4 hits, 0 errors, 1 left on base; Eugene 1 - Salem-Keizer 12
TOP OF THE 8TH
Eugene Emeralds batting - Pitching for Salem-Keizer Volcanoes : RHP Conrad van Gemert
Now at 2B: Lee Deason
Now at 3B: Robby Adair
Now in LF: Antonio Gutierrez
Batting: LHB Jerry Tyson 0-0: Called Strike
0-1: Swinging Strike
0-2: Strikes out looking
Batting: RHB Hugo Torrez 0-0: Ball
1-0: Ball
2-0: Ball
3-0: Called Strike
3-1: Base on Balls
Batting: RHB David Bousfield 0-0: Ball
1-0: Foul Ball, location: 2F
1-1: Ball
2-1: SINGLE (Line Drive, 4MD, EV 94.4 MPH)
Hugo Torrez to second
Batting: RHB Jorge Lagunas 0-0: Foul Ball, location: 2F
0-1: Foul Ball, location: 2F
0-2: Ball
1-2: Foul Ball, location: 2F
1-2: Foul Ball, location: 2F
1-2: Ball
2-2: Ground out 5-3 (Groundball, 56S, EV 76.2 MPH)
Hugo Torrez to third
David Bousfield to second
Batting: RHB Bartolo Aguilar 0-0: Called Strike
0-1: Swinging Strike
0-2: Ball
1-2: Foul Ball, location: 2F
1-2: Ball
2-2: Ball
3-2: Strikes out swinging
Top of the 8th over - 0 runs, 1 hit, 0 errors, 2 left on base; Eugene 1 - Salem-Keizer 12
BOTTOM OF THE 8TH
Salem-Keizer Volcanoes batting - Pitching for Eugene Emeralds : RHP Brendan Malzone
Batting: LHB Adrian Navarro 0-0: Ball
1-0: Ball
2-0: Foul Ball, location: 2F
2-1: Fly out, F6 (Popup, 6M, EV 54.4 MPH)
Pinch Hitting: RHB Jim Begger 0-0: Ball
1-0: Ball
2-0: Ball
3-0: Base on Balls
Pinch Hitting: LHB Santiago Chavira 0-0: Called Strike
0-1: Ball
1-1: Ball
2-1: Reached on error, E4 (Groundball, 4, EV 80.6 MPH)
Jim Begger to second
Pitching: RHP Jose Mata
Pinch Hitting: SHB Miguel Sierra 0-0: Ball
1-0: Fielders Choice at 2nd, 3-6 (Groundball, 23, EV 85.0 MPH)
Jim Begger to third
Batting: RHB J.R. Roberts 0-0: Called Strike
0-1: Swinging Strike
0-2: Ball
1-2: Ball
2-2: Foul Ball, location: 2F
2-2: Strikes out swinging
Bottom of the 8th over - 0 runs, 0 hits, 1 error, 2 left on base; Eugene 1 - Salem-Keizer 12
TOP OF THE 9TH
Eugene Emeralds batting - Pitching for Salem-Keizer Volcanoes : RHP Conrad van Gemert
Now at 2B: Santiago Chavira
Now at SS: Jim Begger
Now in RF: Miguel Sierra
Batting: RHB Mike Larson 0-0: Ball
1-0: Foul Ball, location: 2F
1-1: Ball
2-1: Swinging Strike
2-2: Ground out 1-3 (Groundball, 15, EV 75.0 MPH)
Batting: RHB Dustin Goldsborough 0-0: Fly out, F8 (Flyball, 8RD, EV 100.6 MPH)
Batting: RHB T.J. Garrison 0-0: Called Strike
0-1: Called Strike
0-2: Ball
1-2: Ball
2-2: Strikes out looking
Top of the 9th over - 0 runs, 0 hits, 0 errors, 0 left on base; Eugene 1 - Salem-Keizer 12
Sunday, July 16th , 2023 - OOTP Baseball 24.6 Build 69